Map: Glittering Ashes LE

Players

Warthog - Winner!

  • Race: Terran Terran
  • League: Diamond
  • Spawn Location: 7:00

Perry

  • Race: Terran Terran
  • Spawn Location: 1:00

VOD

Have the link to the VOD?

Description

Time

  • Played on: Nov. 16, 2021, 4:40 p.m.
  • Length: 10:35
Show
View Real Time Build Order
Export as new Build Order

Warthog Terran - Winner!

Build Orders:  

Get SALT Encoding   

  12  0:00  SCV  
  13  0:13  SCV  
  14  0:17  Supply Depot  
  14  0:25  SCV  
  15  0:38  SCV  
  15  0:39  Barracks  
  16  0:43  Refinery  
  16  0:50  SCV  
  16  0:52  Refinery  
  17  1:02  SCV  
  18  1:15  SCV  
  19  1:26  Reaper  
  19  1:28  Orbital Command  
  20  1:43  Factory  
  20  1:52  Supply Depot  
  20  1:55  SCV  
  20  1:59  Reaper  
  22  2:07  SCV  
  23  2:19  SCV  
  24  2:25  Command Center  
  24  2:31  Hellion  
  24  2:34  SCV  
  27  2:37  Reaper  
  28  2:49  SCV  
  28  2:51  Supply Depot  
  29  2:52  Hellion  
  31  3:02  Starport  
  31  3:10  Barracks Reactor  
  32  3:12  SCV  
  32  3:14  Factory Tech Lab  
  32  3:25  SCV  
  33  3:32  Cyclone  
  36  3:42  SCV  
  37  4:01  SCV  
  37  4:02  Starport Reactor  
  35  4:03  Marine x2  
  35  4:05  Siege Tank  
  35  4:08  Orbital Command  
  36  4:13  SCV  
  37  4:19  Command Center  
  37  4:21  Marine x2  
  39  4:25  SCV  
  40  4:40  SCV x2  
  40  4:42  Siege Tank  
  40  4:44  Marine x2  
  47  4:45  Viking  
  47  4:46  Viking  
  47  4:52  SCV x2  
  53  4:53  Engineering Bay  
  53  5:04  SCV, Barracks  
  53  5:05  Barracks  
  54  5:21  Supply Depot  
  54  5:24  Supply Depot  
  54  5:30  Viking x2, Siege Tank, SCV x2  
  63  5:40  SCV  
  64  5:43  Refinery x2, Marine x2, SCV  
  64  5:48  Supply Depot  
  67  5:52  Barracks Tech Lab  
  67  5:55  Barracks Tech Lab  
  68  6:10  Orbital Command  
  67  6:13  Barracks  
  67  6:15  SCV x2  
  67  6:16  Barracks  
  69  6:20  Stimpack  
  69  6:21  Combat Shield  
  69  6:23  Marine  
  70  6:27  SCV x2  
  72  6:38  Marine x2  
  72  6:39  Engineering Bay, SCV x2, Marine  
  77  6:41  Marine  
  77  6:46  SCV  
  77  6:51  Viking x2, SCV x2  
  77  6:52  Orbital Command  
  83  6:56  Marine  
  83  6:57  Marine  
  85  7:03  SCV  
  85  7:05  Terran Infantry Armor Level 1, Terran Infantry Weapons Level 1  
  86  7:10  Supply Depot, Barracks Reactor  
  86  7:11  Barracks Reactor, Marauder, Marine  
  86  7:15  SCV x2  
  89  7:27  SCV, Marine  
  89  7:28  Marauder  
  93  7:31  Viking, Medivac, Siege Tank  
  101  7:37  SCV  
  101  7:54  SCV  
  101  7:59  Supply Depot  
  101  8:00  Supply Depot  
  101  8:03  Supply Depot, SCV x2  
  101  8:04  Supply Depot  
  103  8:07  Armory  
  103  8:17  Marauder, Marine, Siege Tank  
  103  8:19  Marine  
  109  8:21  Medivac, Marauder  
  109  8:23  SCV x3  
  116  8:27  Refinery  
  116  8:29  Refinery  
  116  8:31  Marine x4  
  116  8:33  Viking  
  121  8:34  Marine  
  121  8:35  SCV x3  
  121  8:39  Marauder  
  127  8:49  Siege Tank  
  127  8:51  Medivac  
  132  8:56  Marine x2  
  132  8:57  Marauder, Marine  
  132  9:02  Supply Depot x2  
  136  9:05  SCV x2  
  136  9:07  SCV  
  139  9:15  Command Center  
  139  9:17  SCV  
  139  9:18  Marine  
  139  9:19  Concussive Shells  
  139  9:23  Marine x6  
  147  9:34  Siege Tank  
  147  9:37  Marine  
  147  9:38  Marauder, Factory  
  153  9:39  Viking  
  153  9:41  Marine x2  
  157  9:47  Supply Depot  
  157  9:48  Supply Depot  
  157  9:54  Starport  
  157  10:08  Marine x4  
Show
View Real Time Build Order
Export as new Build Order

Perry Terran 

Build Orders: 2 Factory, Mech 

Get SALT Encoding   

  12  0:00  SCV  
  13  0:13  SCV  
  14  0:17  Supply Depot  
  14  0:25  SCV  
  15  0:39  SCV  
  15  0:40  Barracks  
  16  0:45  Refinery  
  16  0:51  SCV  
  17  1:03  SCV  
  18  1:15  SCV  
  19  1:27  SCV  
  19  1:29  Command Center  
  20  1:33  Reaper  
  21  1:42  Orbital Command  
  21  1:58  Bunker  
  21  2:05  Supply Depot, Marine  
  22  2:10  SCV  
  23  2:16  Factory  
  23  2:25  Refinery  
  23  2:26  SCV  
  24  2:33  Marine  
  25  2:38  SCV  
  26  2:50  SCV  
  27  3:03  SCV  
  27  3:05  SCV  
  29  3:06  Factory Tech Lab  
  29  3:09  Barracks Reactor  
  29  3:15  SCV  
  29  3:17  Orbital Command  
  30  3:20  Supply Depot  
  30  3:25  Factory  
  30  3:27  SCV  
  31  3:35  Engineering Bay  
  31  3:39  SCV  
  32  3:42  Armory  
  30  3:48  Cyclone  
  30  3:49  Marine x2  
  30  3:55  SCV x2  
  27  4:07  SCV x2  
  27  4:09  Marine  
  28  4:10  Marine  
  30  4:19  SCV  
  30  4:20  SCV  
  30  4:22  Armory  
  30  4:23  Infernal Pre-Igniter  
  32  4:31  SCV  
  32  4:32  SCV  
  32  4:33  Refinery  
  34  4:45  Starport  
  34  4:47  Supply Depot  
  34  4:48  SCV x2  
  34  4:49  Supply Depot  
  36  5:00  SCV x2  
  36  5:04  Hellion  
  36  5:05  Hellion  
  42  5:12  SCV x2  
  44  5:14  Hellion  
  44  5:17  Terran Vehicle And Ship Armor Level 1  
  46  5:23  Starport Tech Lab  
  46  5:24  SCV x2  
  46  5:28  Fusion Core  
  48  5:36  SCV x2  
  50  5:48  SCV x2  
  52  5:50  Command Center  
  52  5:52  Refinery  
  52  6:00  SCV x2  
  54  6:04  Supply Depot  
  54  6:06  Supply Depot  
  54  6:11  Missile Turret  
  54  6:19  Battlecruiser  
  54  6:21  SCV  
  54  6:22  SCV  
  62  6:27  Hellion  
  64  6:36  SCV  
  64  6:48  SCV x2  
  64  7:03  SCV x2  
  64  7:05  Hellion x3  
  71  7:15  Factory  
  71  7:24  Battlecruiser  
  71  7:26  Siege Tank  
  80  7:33  Hellion x2  
  84  7:40  Factory  
  84  7:41  Supply Depot  
  84  7:51  Planetary Fortress  
  78  7:53  SCV x2  
  80  7:59  Siege Tank  
  81  8:14  SCV x2  
  81  8:15  Factory Tech Lab  
  79  8:22  Hi-Sec Auto Tracking  
  79  8:24  Command Center  
  79  8:26  SCV x2  
  81  8:32  Factory Tech Lab  
  81  8:37  SCV  
  81  8:38  SCV  
  81  8:39  SCV  
  81  8:41  Supply Depot x2  
  84  8:45  Missile Turret  
  84  8:49  Missile Turret, Weapon Refit  
  84  8:52  SCV x2  
  86  8:56  Siege Tank  
  86  9:01  SCV  
  90  9:04  SCV x2  
  90  9:07  Refinery  
  90  9:08  Smart Servos  
  92  9:10  Missile Turret  
  98  9:18  SCV x2  
  98  9:19  SCV  
  101  9:24  Refinery  
  101  9:30  SCV x2  
  101  9:31  SCV  
  104  9:32  Missile Turret  
  104  9:40  Hellion x2  
  104  9:41  Hellion  
  104  9:42  SCV  
  104  9:44  Command Center  
  105  9:46  SCV  
  105  9:52  SCV, Siege Tank  
  110  9:54  SCV  
  110  9:58  SCV  
  118  10:01  Supply Depot x2  
  118  10:08  Sensor Tower  
  118  10:11  Engineering Bay  
Tags
 
Composition
Mech
League
Diamond
Matchup
TvT
Opening
2 Factory
Race
Terran
Spawn Locations
Cross Positions
Add a new tag
Caveats
  • Supply blocks, unpowered buildings, or Contaminate may cause inaccurate times.
  • Supply counts are checked every 10 seconds.